 Dungeon Crawl Stone Soup version 0.30.0-20-g3615ddf2f0 (webtiles) character file.

Game seed: 634540147151741681

4471 qw the Cleaver (level 10, -2/63 HPs)
             Began as a Gargoyle Fighter on May 31, 2023.
             Was a Believer of Okawaru.
             Slain by a manticore (11 damage)
             ... on level 8 of the Dungeon.
             The game lasted 00:03:28 (5830 turns).

qw the Cleaver (Gargoyle Fighter)                   Turns: 5830, Time: 00:03:29

Health: -2/63      AC: 41    Str: 29    XL:     10   Next: 37%
Magic:  12/13      EV:  7    Int: 15    God:    Okawaru [**....]
Gold:   442        SH:  5    Dex:  9    Spells: 9/9 levels left

rFire   . . .        h - +1 war axe (venom)
rCold   . . .        c - +0 buckler
rNeg    + + .        a - +8 orange crystal plate armour {Archmagi, Int+3 Clar}
rPois   inf          i - +2 helmet
rElec   +            (no cloak)
rCorr   .            (no gloves)
SInv    +            (no boots)
Will    +....        (no amulet) Stlth
                     t - ring "Coik" {Will+ Str+3 Int+3 SInv}
HPRegen 0.30/turn    b - ring "Baonaeg" {Fly rPois rN+ Str+2}
MPRegen 0.13/turn

%: clarity, archmagi
@: heroic, flying
A: sickness immunity, AC +7, negative energy resistance 1, electricity
resistance, torment resistance 1, petrification resistance, big wings
a: Renounce Religion, Heroism


You were on level 8 of the Dungeon.
You worshipped Okawaru.
Okawaru was pleased with you.
You visited 2 branches of the dungeon, and saw 9 of its levels.

You collected 442 gold pieces.


Innate Abilities, Weirdness & Mutations

You are immune to sickness and miasma.
Your stone body is resilient. (AC +7)
You are immune to poison.
You resist negative energy. (rN+)
You are resistant to electric shocks. (rElec)
You are resistant to unholy torment.
You are immune to petrification.
Your large and strong wings let you fly.


   Skills:
 - Level 7.6(12.6) Fighting
 + Level 9.5(14.5) Axes
 - Level 2.0(7.0) Throwing
 - Level 8.2(13.2) Armour
 - Level 1.2(6.2) Dodging
 - Level 4.0(9.0) Shields
 - Level 4.1 Invocations


You had 9 spell levels left.
You didn't know any spells.
Your spell library was empty.

Inventory:

Hand Weapons
 h - a +1 war axe of venom (weapon)
 o - a +0 morningstar
Missiles
 r - 5 javelins (quivered)
Armour
 a - the +8 orange crystal plate armour (worn) {Archmagi, Int+3 Clar}
   (You acquired it on level 5 of the Dungeon)

   Int:       It affects your intelligence (+3).
   Clar:      It protects you from confusion, rage, mesmerisation and fear.
 c - a +0 buckler (worn)
 i - a +2 helmet (worn)
Jewellery
 b - the ring "Baonaeg" (right hand) {Fly rPois rN+ Str+2}
   (You took it off a deep elf pyromancer on level 7 of the Dungeon)

   [ring of poison resistance]

   Str:       It affects your strength (+2).
   rPois:     It protects you from poison.
   rN:        It protects you from negative energy.
   Fly:       It grants you flight.
 p - a +6 ring of dexterity
 s - a ring of protection from fire
 t - the ring "Coik" (left hand) {Will+ Str+3 Int+3 SInv}
   (You found it on level 7 of the Dungeon)

   [ring of see invisible]

   Str:       It affects your strength (+3).
   Int:       It affects your intelligence (+3).
   SInv:      It lets you see invisible.
   Will:      It increases your willpower.
 Y - a +5 ring of evasion
Scrolls
 e - a scroll of identify
 g - 6 scrolls of teleportation
 n - 2 scrolls of enchant armour
Potions
 d - 5 potions of might
 f - a potion of curing {unknown}
 j - a potion of mutation
 k - 3 potions of lignification
 l - a potion of magic {unknown}
 m - a potion of attraction
 q - a potion of heal wounds {unknown}

Dungeon Overview and Level Annotations

Branches:
Dungeon (8/15)             Temple (1/1) D:4
   Lair: D:8-11

Altars:
Ashenzari
Cheibriados
Dithmenos
Elyvilon
Fedhas
Gozag
Hepliaklqana
Kikubaaqudgha
Makhleb
Nemelex Xobeh
Okawaru
Qazlal
Trog
Uskayaw
Vehumet
Wu Jian
Xom
Yredelemnul
Zin

Shops:
D:1 (

Annotations:
D:6 2 transporters, qw's ghost, novice GrCA
D:7 4 runed translucent doors, Crazy Yiuf; qw's ghost, novice GrFi
D:8 1 transporter


Message History

The centaur warrior looks as sick as possible!
You hit the manticore but do no damage.
The manticore is poisoned.
The centaur warrior hits you but does no damage.
The centaur warrior kicks you but does no damage.
You block the centaur warrior's attack. x2
You barely miss the centaur warrior.
The centaur warrior is severely wounded.
You hit the centaur warrior.
The centaur warrior looks as sick as possible!
You barely miss the manticore.
The centaur warrior hits you but does no damage.
The centaur warrior kicks you but does no damage.
The manticore closely misses you.
The manticore claws you but does no damage. x2
The centaur warrior hits you but does no damage.
The centaur warrior kicks you but does no damage.
You completely miss the centaur warrior.
The centaur warrior is severely wounded.
You hit the centaur warrior.
The centaur warrior looks as sick as possible!
You hit the manticore but do no damage.
The manticore looks as sick as possible!
The centaur warrior barely misses you.
The centaur warrior kicks you but does no damage.
The centaur warrior hits you but does no damage.
The centaur warrior kicks you but does no damage.
The manticore bites you but does no damage.
The manticore claws you but does no damage.
The manticore barely misses you.
You block the centaur warrior's attack. x2
You slash the centaur warrior!
The centaur warrior looks as sick as possible!
The centaur warrior is almost dead.
You hit the manticore.
The manticore looks as sick as possible!
You barely miss the centaur warrior. The centaur warrior hits you!
The centaur warrior kicks you but does no damage.
The centaur warrior hits you but does no damage.
You block the centaur warrior's attack. The manticore bites you!
You die...

#. # #. .# #.
##.# #####.
#...#
.....#....###
##.....^.....
###..#########.
....##8@cC..8##
###.#.%cH.....#
#.#.##.^.##.#
#.#. ...# #.#
..... #.#
...##. .. ...#
# ##.


$=$$ You could see 2 centaur warriors, a manticore (extremely poisoned) and a
cyclops.

Vanquished Creatures
  A deep elf pyromancer (D:7)
  An ugly thing (D:7)
  A troll (D:8)
  Grinder (D:3)
  A wraith (D:8)
  A steam dragon (D:7)
  2 vampire mosquitoes
  2 water moccasins (D:7)
  An acid dragon (D:6)
  2 orc warriors (D:7)
  An ice beast (D:6)
  A sky beast (D:7)
  2 ogres (D:6)
  2 centaurs (D:6)
  2 kobold brigands
  3 bullfrogs
  3 scorpions (D:6)
  2 wights
  2 killer bees (D:7)
  A howler monkey (D:7)
  An electric eel (D:7)
  4 jellies
  2 orc priests
  3 sleepcaps
  2 hounds
  6 iguanas
  4 orc wizards
  3 gnolls (D:4)
  12 adders
  5 white imps
  3 ufetubi
  A worm (D:4)
  3 dart slugs
  27 orcs
  5 ball pythons (D:1)
  6 endoplasms
  3 giant cockroaches
  4 hobgoblins
  7 jackals
  6 quokkas
  3 bats
  5 frilled lizards
  7 goblins
  16 kobolds
  24 rats
194 creatures vanquished.

Vanquished Creatures (others)
  A basilisk (D:7)
  An orc warrior (D:7)
  A white imp (D:7)
3 creatures vanquished.

Grand Total: 197 creatures vanquished

Notes
Turn   | Place    | Note
-------+----------+-------------------------------------------
     0 | D:1      | qw the Gargoyle Fighter began the quest for the Orb.
     0 | D:1      | Reached XP level 1. HP: 14/14 MP: 1/1
     0 | D:1      | 0 ||| qw: Version: 0.2-a-102-gfc559e5
     0 | D:1      | 0 ||| qw: Game counter: 610
     0 | D:1      | 0 ||| qw: Always use a shield: true
     0 | D:1      | 0 ||| qw: God list: Okawaru
     0 | D:1      | 0 ||| qw: Allow faded altars: false
     0 | D:1      | 0 ||| qw: Do Orc after D:15 true
     0 | D:1      | 0 ||| qw: Do second Lair branch before Depths: true
     0 | D:1      | 0 ||| qw: Lair rune preference: random
     0 | D:1      | 0 ||| qw: Plans: Normal, Zot:1-4, Slime:5, God:TSO, Crypt,
                  | Tomb, Pan, Hells, Abyss, Win
     0 | D:1      | 0 ||| PLANNING D:1-11
    11 | D:1      | Reached skill level 2 in Axes
   109 | D:1      | Reached XP level 2. HP: 19/19 MP: 2/2
   168 | D:1      | Found Sorighy's Weapon Shop.
   183 | D:1      | 183 ||| Stepping ~*~*~tactically~*~*~ (stealth).
   229 | D:1      | 229 ||| Stepping ~*~*~tactically~*~*~ (stealth).
   245 | D:1      | 245 ||| Stepping ~*~*~tactically~*~*~ (stealth).
   246 | D:1      | 246 ||| Stepping ~*~*~tactically~*~*~ (stealth).
   247 | D:1      | 247 ||| Stepping ~*~*~tactically~*~*~ (hiding).
   248 | D:1      | 248 ||| Stepping ~*~*~tactically~*~*~ (stealth).
   254 | D:1      | Reached skill level 3 in Axes
   257 | D:1      | Reached XP level 3. HP: 23/23 MP: 3/3
   260 | D:1      | 260 ||| Stepping ~*~*~tactically~*~*~ (hiding).
   261 | D:1      | 261 ||| Stepping ~*~*~tactically~*~*~ (hiding).
   270 | D:1      | 270 ||| FLEEEEING.
   271 | D:1      | 271 ||| Stepping ~*~*~tactically~*~*~ (stealth).
   280 | D:1      | 280 ||| Stepping ~*~*~tactically~*~*~ (stealth).
   283 | D:1      | 283 ||| Stepping ~*~*~tactically~*~*~ (stealth).
   284 | D:1      | 284 ||| Stepping ~*~*~tactically~*~*~ (stealth).
   417 | D:1      | 417 ||| Stepping ~*~*~tactically~*~*~ (hiding).
   632 | D:1      | Found a faded altar of an unknown god.
   719 | D:1      | 719 ||| READING scroll labelled HUNLAO YTSACW.
   720 | D:1      | 720 ||| READING scroll labelled AMMOAR ESASK.
   723 | D:1      | 723 ||| READING scroll labelled XYNOIRGH BOMI.
   724 | D:1      | 724 ||| READING scroll labelled KISAIQ RYNE.
   725 | D:1      | 725 ||| DRINKING 2 smoky silvery potions.
   725 | D:1      | Gained mutation: Your large and strong wings let you fly.
                  | [potion of mutation]
   748 | D:2      | 748 ||| Stepping ~*~*~tactically~*~*~ (stealth).
   753 | D:2      | 753 ||| Stepping ~*~*~tactically~*~*~ (stealth).
   798 | D:2      | Reached XP level 4. HP: 28/28 MP: 4/4
   817 | D:2      | 817 ||| Stepping ~*~*~tactically~*~*~ (stealth).
   818 | D:2      | 818 ||| Stepping ~*~*~tactically~*~*~ (stealth).
   819 | D:2      | 819 ||| Stepping ~*~*~tactically~*~*~ (stealth).
   820 | D:2      | 820 ||| Stepping ~*~*~tactically~*~*~ (stealth).
   837 | D:2      | 837 ||| Stepping ~*~*~tactically~*~*~ (stealth).
   878 | D:2      | 878 ||| Stepping ~*~*~tactically~*~*~ (stealth).
   894 | D:2      | 894 ||| DROPPING +0 whip.
  1175 | D:2      | 1175 ||| READING scroll labelled LOPUFR ETUOBI.
  1176 | D:2      | 1176 ||| READING scroll labelled TUEBIMMAET.
  1177 | D:2      | 1177 ||| DRINKING 2 orange potions.
  1178 | D:2      | 1178 ||| DRINKING 2 green potions.
  1204 | D:2      | 1204 ||| DROPPING potion of flight.
  1240 | D:3      | 1240 ||| STAIRDANCE
  1273 | D:2      | 1273 ||| DROPPING +1 whip of pain.
  1361 | D:3      | Reached skill level 4 in Axes
  1385 | D:3      | 1385 ||| Stepping ~*~*~tactically~*~*~ (hiding).
  1387 | D:3      | 1387 ||| Stepping ~*~*~tactically~*~*~ (hiding).
  1403 | D:3      | 1403 ||| Stepping ~*~*~tactically~*~*~ (stealth).
  1405 | D:3      | 1405 ||| Stepping ~*~*~tactically~*~*~ (stealth).
  1602 | D:3      | Noticed Grinder
  1611 | D:3      | Killed Grinder
  1612 | D:3      | Reached skill level 5 in Axes
  1612 | D:3      | Reached XP level 5. HP: 27/32 MP: 5/5
  1612 | D:3      | Reached XP level 6. HP: 31/37 MP: 6/6
  1845 | D:3      | HP: 6/38 [orc/+0 falchion (6)]
  1846 | D:3      | 1846 ||| READING scroll of teleportation.
  2085 | D:3      | 2085 ||| UPGRADING to +5 ring of evasion.
  2086 | D:3      | 2086 ||| READING 2 scrolls labelled NOFROR HIKYLYD.
  2206 | D:4      | Reached skill level 1 in Dodging
  2229 | D:4      | Found a staircase to the Ecumenical Temple.
  2230 | D:4      | 2230 ||| PLANNING TEMPLE
  2245 | D:4      | Reached skill level 6 in Axes
  2247 | D:4      | Reached XP level 7. HP: 17/43 MP: 7/7
  2310 | D:4      | 2310 ||| Stepping ~*~*~tactically~*~*~ (stealth).
  2311 | D:4      | 2311 ||| Stepping ~*~*~tactically~*~*~ (stealth).
  2313 | D:4      | 2313 ||| Stepping ~*~*~tactically~*~*~ (stealth).
  2315 | D:4      | 2315 ||| Stepping ~*~*~tactically~*~*~ (stealth).
  2322 | D:4      | 2322 ||| FLEEEEING.
  2323 | D:4      | 2323 ||| FLEEEEING.
  2353 | Temple   | Entered the Ecumenical Temple
  2441 | Temple   | 2441 ||| PLANNING OKAWARU WORSHIP
  2565 | Temple   | Became a worshipper of Warmaster Okawaru
  2565 | Temple   | 2565 ||| PLANNING D:1-11
  2674 | D:4      | 2674 ||| Stepping ~*~*~tactically~*~*~ (stealth).
  2678 | D:4      | 2678 ||| Stepping ~*~*~tactically~*~*~ (stealth).
  2681 | D:4      | 2681 ||| Stepping ~*~*~tactically~*~*~ (stealth).
  2712 | D:4      | 2712 ||| Stepping ~*~*~tactically~*~*~ (stealth).
  2720 | D:4      | 2720 ||| Stepping ~*~*~tactically~*~*~ (stealth).
  2813 | D:4      | 2813 ||| DROPPING +0 flail.
  3023 | D:4      | Found an ornate altar of the Wu Jian Council.
  3247 | D:4      | 3247 ||| UPGRADING to +0 plate armour.
  3257 | D:4      | 3257 ||| DROPPING +0 scale mail.
  3258 | D:4      | 3258 ||| DRINKING 3 ruby potions.
  3264 | D:4      | 3264 ||| DROPPING 2 potions of ambrosia.
  3278 | D:5      | Entered Level 5 of the Dungeon
  3285 | D:5      | 3285 ||| STAIRDANCE
  3383 | D:5      | 3383 ||| Stepping ~*~*~tactically~*~*~ (hiding).
  3384 | D:5      | 3384 ||| Stepping ~*~*~tactically~*~*~ (hiding).
  3606 | D:5      | Reached skill level 1 in Throwing
  3653 | D:5      | 3653 ||| Stepping ~*~*~tactically~*~*~ (stealth).
  4003 | D:5      | Found a shadowy altar of Dithmenos.
  4070 | D:5      | 4070 ||| UPGRADING to ring of protection from fire.
  4071 | D:5      | 4071 ||| READING scroll labelled TUF TERCHAIDGHAL.
  4072 | D:5      | 4072 ||| READING scroll labelled ETENKO RABEULA.
  4073 | D:5      | 4073 ||| READING scroll labelled HIWUKO CISUC.
  4074 | D:5      | 4074 ||| READING scroll labelled KUUMOA ILYOP.
  4074 | D:5      | Identified a scroll of acquirement
  4074 | D:5      | 4074 ||| ACQUIRING +8 orange crystal plate armour
                  | {Archmagi, Int+3 Clar}
  4074 | D:5      | Acquired the +8 orange crystal plate armour {Archmagi,
                  | Int+3 Clar}
  4074 | D:5      | Found the +8 orange crystal plate armour {Archmagi, Int+3
                  | Clar}
  4076 | D:5      | 4076 ||| UPGRADING to +8 orange crystal plate armour
                  | {Archmagi, Int+3 Clar}.
  4086 | D:5      | 4086 ||| DROPPING +0 plate armour.
  4087 | D:5      | 4087 ||| DRINKING 2 glowing red potions.
  4088 | D:5      | 4088 ||| READING 2 scrolls of identify.
  4088 | D:5      | 4088 ||| IDENTIFYING amethyst potion
  4089 | D:5      | 4089 ||| DROPPING potion of brilliance.
  4090 | D:5      | 4090 ||| DROPPING potion of degeneration.
  4172 | D:6      | Reached * piety under Okawaru
  4201 | D:6      | Noticed qw's ghost (novice GrCA)
  4214 | D:6      | Found a transporter.
  4218 | D:6      | Noticed a yak
  4232 | D:6      | 4232 ||| Stepping ~*~*~tactically~*~*~ (stealth).
  4234 | D:6      | 4234 ||| INVOKING Heroism.
  4235 | D:6      | 4235 ||| INVOKING Heroism.
  4236 | D:6      | 4236 ||| INVOKING Heroism.
  4244 | D:6      | Reached XP level 8. HP: 48/48 MP: 5/8
  4276 | D:6      | Reached skill level 7 in Axes
  4305 | D:6      | 4305 ||| INVOKING Heroism.
  4317 | D:6      | Reached skill level 1 in Invocations
  4317 | D:6      | 4317 ||| Stepping ~*~*~tactically~*~*~ (stealth).
  4331 | D:6      | 4331 ||| FLEEEEING.
  4332 | D:6      | 4332 ||| FLEEEEING.
  4339 | D:6      | 4339 ||| STAIRDANCE
  4361 | D:5      | 4361 ||| UPGRADING to +0 helmet.
  4366 | D:5      | 4366 ||| READING scroll of enchant armour.
  4366 | D:5      | 4366 ||| ENCHANTING +0 helmet.
  4367 | D:5      | 4367 ||| READING 2 scrolls of identify.
  4367 | D:5      | 4367 ||| IDENTIFYING silvery potion
  4374 | D:6      | 4374 ||| FLEEEEING.
  4375 | D:6      | 4375 ||| FLEEEEING.
  4378 | D:6      | 4378 ||| STAIRDANCE
  4487 | D:6      | 4487 ||| INVOKING Heroism.
  4497 | D:6      | 4497 ||| Stepping ~*~*~tactically~*~*~ (stealth).
  4520 | D:6      | Reached skill level 6 in Armour
  4529 | D:6      | 4529 ||| FLEEEEING.
  4530 | D:6      | 4530 ||| FLEEEEING.
  4531 | D:6      | 4531 ||| STAIRDANCE
  4559 | D:6      | Reached skill level 3 in Invocations
  4837 | D:6      | Found a transporter.
  4854 | D:6      | Reached XP level 9. HP: 54/54 MP: 10/12
  4884 | D:6      | 4884 ||| READING scroll of enchant armour.
  4884 | D:6      | 4884 ||| ENCHANTING +1 helmet.
  4975 | D:6      | 4975 ||| READING scroll labelled URU FIOWUWEHAU.
  5011 | D:7      | 5011 ||| INVOKING Heroism.
  5014 | D:7      | Reached skill level 8 in Axes
  5093 | D:7      | Reached ** piety under Okawaru
  5109 | D:7      | Reached skill level 6 in Fighting
  5144 | D:7      | 5144 ||| INVOKING Heroism.
  5151 | D:7      | 5151 ||| Stepping ~*~*~tactically~*~*~ (hiding).
  5152 | D:7      | 5152 ||| Stepping ~*~*~tactically~*~*~ (stealth).
  5154 | D:7      | 5154 ||| Stepping ~*~*~tactically~*~*~ (hiding).
  5168 | D:7      | 5168 ||| INVOKING Heroism.
  5207 | D:7      | 5207 ||| INVOKING Heroism.
  5208 | D:7      | 5208 ||| Stepping ~*~*~tactically~*~*~ (hiding).
  5209 | D:7      | 5209 ||| Stepping ~*~*~tactically~*~*~ (stealth).
  5210 | D:7      | 5210 ||| Stepping ~*~*~tactically~*~*~ (stealth).
  5260 | D:7      | Found a runed translucent gate.
  5260 | D:7      | Found a runed translucent gate.
  5260 | D:7      | Found a runed translucent gate.
  5262 | D:7      | Found an opulent altar of Gozag.
  5264 | D:7      | Noticed a troll
  5264 | D:7      | Noticed a tengu conjurer
  5264 | D:7      | Noticed qw's ghost (novice GrFi)
  5318 | D:7      | Found an opulent altar of Gozag.
  5373 | D:7      | Found a runed translucent door.
  5374 | D:7      | Noticed Crazy Yiuf
  5393 | D:7      | 5393 ||| INVOKING Heroism.
  5461 | D:7      | 5461 ||| INVOKING Heroism.
  5467 | D:7      | Noticed a green ugly thing
  5473 | D:7      | Reached skill level 9 in Axes
  5480 | D:7      | Killed a green ugly thing
  5481 | D:7      | Reached XP level 10. HP: 58/60 MP: 13/13
  5536 | D:7      | Identified the ring "Baonaeg" {Fly rPois rN+ Str+2}
  5536 | D:7      | Noticed a deep elf pyromancer
  5545 | D:7      | 5545 ||| Stepping ~*~*~tactically~*~*~ (hiding).
  5548 | D:7      | Identified the ring "Coik" {Will+ Str+3 Int+3 SInv}
  5549 | D:7      | 5549 ||| INVOKING Heroism.
  5563 | D:7      | Killed a deep elf pyromancer
  5564 | D:7      | 5564 ||| Stepping ~*~*~tactically~*~*~ (cloud).
  5565 | D:7      | 5565 ||| Stepping ~*~*~tactically~*~*~ (stealth).
  5566 | D:7      | 5566 ||| Stepping ~*~*~tactically~*~*~ (cloud).
  5668 | D:7      | 5668 ||| READING scroll of brand weapon.
  5668 | D:7      | 5668 ||| BRANDING +1 war axe of protection.
  5793 | D:7      | 5793 ||| UPGRADING to ring "Baonaeg" {Fly rPois rN+ Str+2}.
  5795 | D:7      | 5795 ||| UPGRADING to ring "Coik" {Will+ Str+3 Int+3 SInv}.
  5797 | D:7      | 5797 ||| UPGRADING to +5 ring of evasion.
  5799 | D:7      | 5799 ||| UPGRADING to ring "Baonaeg" {Fly rPois rN+ Str+2}.
  5813 | D:8      | Found a blossoming altar of Fedhas.
  5816 | D:8      | Found a transporter.
  5816 | D:8      | Noticed a centaur warrior
  5816 | D:8      | Noticed a centaur warrior
  5816 | D:8      | Noticed a manticore
  5816 | D:8      | Noticed a cyclops
  5817 | D:8      | 5817 ||| INVOKING Heroism.
  5830 | D:8      | HP: 9/63 [centaur warrior (9)]
  5830 | D:8      | Slain by a manticore

Levels and vault maps discovered:
D:1:      minmay_arrival_semitransparent, layout_basic, serial_shops,
          nicolae_shop_rolling_square, shapermc_ecumenical_altar_acropolis,
          lexackson_kobold_supper
D:2:      layout_rooms
D:3:      layout_basic, uniq_grinder
D:4:      layout_basic, lemuel_crystal_altar, minmay_temple_entry_tees,
          minmay_rat_hole
D:5:      minmay_spotlight, layout_rooms, mainiacjoe_overflow_alcove_4,
          chequers_big_river
D:6:      layout_basic, gammafunk_ghost_arena, st_stairs_9, minmay_bent
D:7:      nzn_winding_woodlands_cross [nzn_winding_woodlands_5x15_pool,
          nzn_winding_woodlands_5x15_pathside_ponds,
          nzn_winding_woodlands_5x15_garden,
          nzn_winding_woodlands_5x15_river_crossing,
          nzn_winding_woodlands_15x15_thick_spiral], layout_rooms,
          grunt_gozag_statues, ebering_ghost_gozag, uniq_crazy_yiuf_cottage
D:8:      gammafunk_sealed_arena, layout_loops_ring,
          mainiacjoe_overflow_chevrons, lemuel_tele_altar, eino_curves_04,
          serial_bayou_pond_d, uniq_grum, uniq_psyche, uniq_erica, uniq_maggie
Temple:   regret_index_temple_generic_petals

Skill      XL: |  1  2  3  4  5  6  7  8  9 10 |
---------------+-------------------------------+-----
Axes           | 2 3 5 6 7 9 |  9.5
Fighting       | 4 5 6 7 |  7.6
Dodging        | 1 |  1.2
Throwing       | 1 2 |  2.0
Armour         | 5 6 8 |  8.2
Invocations    | 4 |  4.1
Shields        | 4 |  4.0

Action                     |  1- 3 |  4- 6 |  7- 9 | 10-12 || total
---------------------------+-------+-------+-------+-------++-------
  Melee: War axe           |    88 |    97 |   356 |    31 ||   572
  Throw: Javelin           |       |       |    30 |     1 ||    31
 Invoke: Heroism           |       |       |     9 |     2 ||    11
    Use: Scroll            |     4 |     4 |     9 |     1 ||    18
         Potion            |     1 |     2 |     2 |       ||     5
 Armour: Scale mail        |    41 |    42 |    21 |       ||   104
         Plate armour      |       |       |    46 |       ||    46
         Crystal plate arm |       |       |   173 |    64 ||   237
  Dodge: Dodged            |    39 |    61 |   200 |    17 ||   317
  Block: Buckler           |    14 |    22 |    93 |    17 ||   146

Table legend:
 A = Non-vault XP
 B = Vault XP
 C = Vault XP percentage of total XP
 D = Non-vault monster count
 E = Vault monster count
 F = Vault count percentage of total count
                 A         B        C        D         E       F
            +---------+---------+-------+---------+---------+-------
      Total |    2604 |    3784 |  59.2 |     138 |      58 |  29.6
            +---------+---------+-------+---------+---------+-------
        D:1 |      46 |      11 |  19.3 |      26 |       8 |  23.5
        D:2 |      39 |       0 |   0.0 |      10 |       0 |   0.0
        D:3 |      94 |     262 |  73.6 |      16 |       1 |   5.9
        D:4 |     255 |      20 |   7.3 |      29 |      19 |  39.6
        D:5 |     137 |      80 |  36.9 |      12 |       4 |  25.0
        D:6 |     987 |     605 |  38.0 |      19 |       8 |  29.6
        D:7 |    1046 |    2122 |  67.0 |      26 |      15 |  36.6
        D:8 |       0 |     684 | 100.0 |       0 |       3 | 100.0
            +---------+---------+-------+---------+---------+-------
